 Dungeon Crawl Stone Soup version 0.22.1-2-g9c5b331 (webtiles) character file.

6722 HerrDoktor the Basher (level 11, -10/66 HPs)
             Began as a Gargoyle Fighter on Dec 26, 2018.
             Was a Follower of Makhleb.
             Mangled by a quicksilver dragon simulacrum (34 damage)
             ... on level 1 of the Abyss.
             The game lasted 00:31:51 (7958 turns).

HerrDoktor the Basher (Gargoyle Fighter)            Turns: 7958, Time: 00:31:53

Health: -10/66     AC: 23    Str: 29    XL:     11   Next: 4%
Magic:  11/11      EV:  9    Int: 10    God:    Makhleb [*.....]
Gold:   393        SH: 12    Dex: 10    Spells: 10/10 levels left

rFire    . . .     SeeInvis .   a - +1 morningstar
rCold    . . .     Gourm    .   c - +0 shield
rNeg     + . .     Faith    .   g - +0 plate armour
rPois    ∞         Spirit   .   (no helmet)
rElec    +         Reflect  .   m - +0 cloak
rCorr    .         Harm     .   (no gloves)
MR       .....                  (no boots)
Stlth    ..........             (no amulet)
HPRegen  0.21/turn              p - +3 ring of strength
MPRegen  0.12/turn              r - +3 ring of evasion

@: mighty, about to teleport
A: negative energy resistance 1, electricity resistance, unbreathing,
petrification resistance, rot immunity, AC +8
a: Renounce Religion


You were on level 1 of the Abyss.
You worshipped Makhleb.
Makhleb was aware of your devotion.
You were near starving.

You visited 2 branches of the dungeon, and saw 9 of its levels.
You visited the Abyss 1 time.
You also visited: Sewer.

You collected 393 gold pieces.

Inventory:

Hand Weapons
 a - a +1 morningstar (weapon)
 i - a +3 whip of electrocution
 s - a +0 dire flail
 D - a +2 whip of flaming
 I - a +4 triple sword of distortion
Armour
 b - a +0 scale mail
 c - a +0 shield (worn)
 g - a +0 plate armour (worn)
 m - a +0 cloak (worn)
Jewellery
 e - an uncursed ring of flight
 p - a +3 ring of strength (left hand)
 r - a +3 ring of evasion (right hand)
 x - an uncursed ring of protection from magic
 y - an uncursed ring of protection from magic
 A - an uncursed ring of positive energy
 H - an uncursed ring of positive energy
Wands
 w - a wand of polymorph (15)
 C - a wand of paralysis (10)
 E - a wand of disintegration (9)
Scrolls
 j - 4 scrolls of fear
 k - a scroll of fog {unknown}
 q - 2 scrolls of remove curse
 G - 2 scrolls of magic mapping
Potions
 d - 2 potions of might
 h - a potion of haste
 l - a potion of ambrosia {unknown}
 n - 4 potions of curing
 o - a potion of mutation {unknown}
 t - a potion of heal wounds
 u - 3 potions of flight
 v - 4 potions of brilliance {unknown}
 z - 2 potions of agility {unknown}
 B - a potion of lignification {unknown}
Comestibles
 f - 16 rations


   Skills:
 + Level 6.7 Fighting
 * Level 12.2 Maces & Flails
 + Level 8.2 Armour
 + Level 8.2 Shields


You had 10 spell levels left.
You didn't know any spells.
Your spell library contained the following spells:

 Spells                   Type           Power        Failure   Level  Hunger
 Animate Skeleton         Necr           N/A          100%        1    ##.....
 Apportation              Tloc           #.....       100%        1    ##.....
 Confusing Touch          Hex            #.....       100%        1    ##.....
 Summon Small Mammal      Summ           #...         100%        1    ##.....


Dungeon Overview and Level Annotations

Branches:
Dungeon (8/15)             Temple (1/1) D:7
   Lair: D:8-11

Altars:
Ashenzari
Cheibriados
Dithmenos
Elyvilon
Fedhas
Gozag
Hepliaklqana
Kikubaaqudgha
Makhleb
Nemelex Xobeh
Okawaru
Qazlal
Ru
Sif Muna
Trog
Uskayaw
Vehumet
Wu Jian
Xom
Yredelemnul
Zin
The Shining One

Shops:
D:5 !   D:6 [

Annotations:
D:4 1 runed door, RoboWizard's ghost, amateur DsBe
D:8 Psyche


Innate Abilities, Weirdness & Mutations

You are resistant to torment.
Your stone body is resilient. (AC +8)
You are immune to poison.
You resist negative energy. (rN+)
You are resistant to electric shocks. (rElec)
You can survive without breathing.
You are immune to petrification.
You are immune to rotting.


Message History

The quicksilver dragon simulacrum claws you but does no damage.
The raiju bites you but does no damage.
The quicksilver dragon simulacrum bites you but does no damage.
The quicksilver dragon simulacrum claws you but does no damage.
The raiju barely misses you.
The quicksilver dragon simulacrum bites you but does no damage.
The quicksilver dragon simulacrum claws you but does no damage.
The quicksilver dragon simulacrum barely misses you.
You block the quicksilver dragon simulacrum's attack.
You block the raiju's attack.
The quicksilver dragon simulacrum closely misses you.
You block the quicksilver dragon simulacrum's attack.
The raiju bites you but does no damage.
The quicksilver dragon simulacrum bites you but does no damage.
The quicksilver dragon simulacrum claws you but does no damage.
The raiju bites you but does no damage.
The quicksilver dragon simulacrum bites you!
The quicksilver dragon simulacrum freezes you!!
Ouch! That really hurt!
You die...

. ..# .# .
. . . . .
##.# # . .
.. ## .. ..
..## . # ..
... # ###
#.## #. ##
#.
##.##.....#
#.#@#.# ..#
.##.#Zhh# .
...###h.# .
##.. . .##
## # ## . .


You could see 3 raiju and a quicksilver dragon simulacrum.

Vanquished Creatures
  Harold (D:7)
  Pikel (D:8)
  2 worldbinders (Abyss:1)
  Joseph (D:7)
  Prince Ribbit (D:7)
  A hippogriff (D:7)
  A raiju (Abyss:1)
  Eustachio (D:5)
  A spriggan (D:7)
  A hungry ghost (D:8)
  Grum (D:8)
  A steam dragon (D:8)
  2 large abominations (Abyss:1)
  A slave (D:8)
  An orc warrior (D:6)
  A black bear (D:7)
  3 ice beasts
  A phantom (D:8)
  4 wolves (D:8)
  2 centaurs
  2 ogres
  A crocodile (Sewer)
  3 bullfrogs
  A big kobold (D:8)
  A water moccasin zombie (D:6)
  A gnoll sergeant (D:7)
  3 scorpions
  2 small abominations (Abyss:1)
  2 howler monkeys (D:8)
  5 crimson imps
  2 bullfrog zombies
  A hound (D:8)
  7 orc priests
  6 orc wizards
  A bullfrog skeleton (D:5)
  An iguana (D:5)
  A worker ant (D:4)
  A hound zombie (D:8)
  A worker ant zombie (D:7)
  9 adders
  4 gnolls
  3 river rats (D:5)
  A shadow imp (D:6)
  A white imp (Abyss:1)
  An ooze (D:6)
  6 worms
  2 dart slugs
  2 leopard geckos
  23 orcs
  3 ball pythons
  6 giant cockroaches
  11 goblins
  7 hobgoblins
  7 jackals
  2 quokkas
  A ball python skeleton (D:5)
  10 bats
  4 frilled lizards
  13 kobolds
  A leopard gecko skeleton (D:4)
  8 rats
195 creatures vanquished.

Vanquished Creatures (others)
  A slave (D:8)
  4 kobolds (D:8)
  11 plants (D:6)
16 creatures vanquished.

Grand Total: 211 creatures vanquished

Notes
Turn   | Place    | Note
-------+----------+-------------------------------------------
     0 | D:1      | HerrDoktor the Gargoyle Fighter began the quest for the
                  | Orb.
     0 | D:1      | Reached XP level 1. HP: 14/14 MP: 1/1
   127 | D:1      | Reached XP level 2. HP: 16/19 MP: 2/2
   629 | D:1      | Reached XP level 3. HP: 23/23 MP: 3/3
  1057 | D:2      | Reached XP level 4. HP: 28/29 MP: 4/4
  1091 | D:2      | Reached skill level 3 in Maces & Flails
  1271 | D:2      | You fall through a shaft!
  1609 | D:3      | Found a shadowy altar of Dithmenos.
  1834 | D:4      | Reached XP level 5. HP: 32/33 MP: 5/5
  1911 | D:4      | Reached skill level 4 in Maces & Flails
  2046 | D:4      | Noticed a centaur
  2057 | D:4      | Killed a centaur
  2057 | D:4      | Reached XP level 6. HP: 30/38 MP: 6/6
  2172 | D:4      | Reached skill level 5 in Maces & Flails
  2195 | D:4      | Found a runed door.
  2199 | D:4      | Noticed RoboWizard's ghost (amateur DsBe)
  2349 | D:5      | Entered Level 5 of the Dungeon
  2452 | D:5      | Reached XP level 7. HP: 39/43 MP: 7/7
  2684 | D:5      | Found Elalekul's Distillery.
  2731 | D:5      | Reached skill level 6 in Maces & Flails
  2877 | D:5      | Found a glowing drain.
  2883 | Sewer    | Entered a sewer
  3319 | D:5      | Reached skill level 5 in Shields
  3325 | D:5      | Noticed Eustachio
  3351 | D:5      | Killed Eustachio
  3351 | D:5      | Reached skill level 7 in Maces & Flails
  3351 | D:5      | Reached XP level 8. HP: 40/48 MP: 8/8
  4085 | D:6      | Found a blossoming altar of Fedhas.
  4211 | D:6      | Reached skill level 5 in Armour
  4291 | D:6      | Found Manymaum's Armour Emporium.
  4385 | D:6      | Reached skill level 8 in Maces & Flails
  4800 | D:7      | Noticed a hippogriff
  4805 | D:7      | Killed a hippogriff
  4805 | D:7      | Reached skill level 5 in Fighting
  4805 | D:7      | Reached XP level 9. HP: 50/54 MP: 9/9
  4870 | D:7      | Noticed Prince Ribbit
  4887 | D:7      | Killed Prince Ribbit
  4887 | D:7      | Reached skill level 9 in Maces & Flails
  4907 | D:7      | Noticed Harold
  5485 | D:7      | Noticed Joseph
  5530 | D:7      | Killed Joseph
  6150 | D:6      | Reached skill level 10 in Maces & Flails
  6338 | D:7      | Found a staircase to the Ecumenical Temple.
  6349 | Temple   | Entered the Ecumenical Temple
  6455 | Temple   | Became a worshipper of Makhleb the Destroyer
  6714 | D:7      | Killed Harold
  6714 | D:7      | Reached XP level 10. HP: 41/60 MP: 10/10
  6953 | D:8      | Found a bloodstained altar of Trog.
  7007 | D:8      | Reached skill level 11 in Maces & Flails
  7010 | D:8      | Noticed Pikel
  7010 | D:8      | Paralysed by Pikel for 4 turns
  7028 | D:8      | Paralysed by Pikel for 2 turns
  7031 | D:8      | Killed Pikel
  7269 | D:8      | Found a white marble altar of Elyvilon.
  7273 | D:8      | Found an iron altar of Okawaru.
  7276 | D:8      | Found a glowing golden altar of the Shining One.
  7338 | D:8      | Paralysed by fainting for 10 turns
  7419 | D:8      | Noticed Grum
  7430 | D:8      | Killed Grum
  7698 | D:8      | Noticed Psyche
  7708 | D:8      | Cast into level 1 of the Abyss (Psyche)
  7746 | Abyss:1  | Found a corrupted altar of Lugonu.
  7796 | Abyss:1  | Noticed a worldbinder
  7801 | Abyss:1  | Noticed a worldbinder
  7803 | Abyss:1  | Noticed an orb spider
  7806 | Abyss:1  | Noticed a manticore
  7807 | Abyss:1  | Noticed a manticore
  7809 | Abyss:1  | Noticed a manticore
  7811 | Abyss:1  | Killed a worldbinder
  7821 | Abyss:1  | Killed a worldbinder
  7862 | Abyss:1  | Reached skill level 12 in Maces & Flails
  7886 | Abyss:1  | Reached * piety under Makhleb
  7905 | Abyss:1  | Reached XP level 11. HP: 19/66 MP: 11/11
  7958 | Abyss:1  | Mangled by a quicksilver dragon simulacrum

Skill      XL: |  1  2  3  4  5  6  7  8  9 10 |
---------------+-------------------------------+-----
Maces & Flails | 3 4 5 7 8 10 12 | 12.2
Shields        | 4 5 7 8 |  8.2
Armour         | 4 5 7 8 |  8.2
Fighting       | 4 5 6 |  6.7

Action                   |  1- 3 |  4- 6 |  7- 9 | 10-12 || total
-------------------------+-------+-------+-------+-------++-------
Melee: Whip              |    99 |   117 |   290 |       ||   506
       Flail             |     3 |       |       |       ||     3
       Morningstar       |       |       |   164 |   220 ||   384
Throw: Stone             |     1 |     3 |       |       ||     4
  Use: Scroll            |     3 |     5 |     9 |     3 ||    20
       Potion            |       |       |     4 |     2 ||     6
 Stab: Distracted        |       |       |       |     1 ||     1
  Eat: Chunk             |       |     4 |    11 |     3 ||    18
       Ration            |       |       |     1 |     1 ||     2
Armor: Scale mail        |    49 |    43 |   122 |       ||   214
       Plate armour      |       |       |    58 |   168 ||   226
Dodge: Dodged            |    25 |    23 |    90 |    62 ||   200
Block: Shield            |    51 |    47 |   181 |   132 ||   411
